[Event "SVK-ch Open 2018"]
[Site "Banska Stiavnica"]
[Date "2018.07.11"]
[Round "5"]
[White "Lukac, Roman"]
[Black "Gombar, Peter"]
[Result "1-0"]
[ECO "B00"]
[WhiteElo "2089"]
[BlackElo "1974"]
[Annotator "NA"]
[PlyCount "107"]
[EventDate "2018.07.07"]
[EventType "swiss"]
[EventCountry "SVK"]
[SourceTitle "playchess.com"]
[Source "ChessBase"]
[SourceQuality "1"]
[TimeControl "40/5400+30:1800+30"]

1. e4 b6 2. d4 Bb7 3. Nc3 e6 4. Bd3 Bb4 5. Qe2 Nf6 6. a3 Be7 7. f4 c5 8. Nf3 cxd4 9. Nxd4 Nc6 10. Nf3 d5 11. e5 Nd7 12. b4 Rc8 13. Bd2 a5 14. b5 Ncb8 15. O-O Nc5 16. Kh1 Nbd7 17. Nd4 Nxd3 18. cxd3 Nc5 19. f5 exf5 20. Rxf5 Ne6 21. Qf2 Nxd4 22. Qxd4 g6 23. e6 f6 24. Rf3 Bc5 25. Qh4 f5 26. Bg5 Be7 27. Qd4 Rg8 28. h4 h6 29. Bxe7 Kxe7 30. h5 Rxc3 31. Qxc3 d4 32. Qd2 Bxf3 33. gxf3 Qd5 34. Qf4 Qd6 35. Qxh6 Qxe6 36. Rc1 Rc8 37. Qg7+ Kd6 38. Qxd4+ Ke7 39. Qg7+ Kd6 40. Rxc8 Qxc8 41. Qxg6+ Ke5 42. Qg3+ Kf6 43. Qh4+ Ke5 44. Qc4 Qd8 45. f4+ Kf6 46. Kh2 Kg7 47. Kh3 Kf6 48. Qc6+ Ke7 49. Qc3 Kf7 50. Qc4+ Kf6 51. Kg3 Ke7 52. Kf3 Kf6 53. Qc6+ Ke7 54. Ke3 1-0

[Event "SVK-ch Open 2018"]
[Site "Banska Stiavnica"]
[Date "2018.07.11"]
[Round "5"]
[White "Brhel, Jan"]
[Black "Ucekajova, Veronika"]
[Result "1-0"]
[ECO "A57"]
[WhiteElo "2070"]
[BlackElo "1757"]
[Annotator "NA"]
[PlyCount "57"]
[EventDate "2018.07.07"]
[EventType "swiss"]
[EventCountry "SVK"]
[SourceTitle "playchess.com"]
[Source "ChessBase"]
[SourceQuality "1"]
[TimeControl "40/5400+30:1800+30"]

1. d4 Nf6 2. c4 c5 3. d5 b5 4. Qc2 bxc4 5. Nc3 d6 $11 6. e4 Nbd7 7. Bxc4 Nb6 8. b3 g6 9. Nf3 Bg7 10. Rb1 O-O 11. O-O Nxc4 12. bxc4 e6 13. h3 exd5 14. cxd5 Ba6 15. Re1 Qa5 16. Bd2 Rfb8 17. Rxb8+ Rxb8 18. e5 dxe5 19. Nxe5 Qc7 20. Qa4 Qd6 21. Nc6 Rb6 22. Bf4 Qd7 23. Re7 Qf5 24. Re8+ Nxe8 25. Ne7+ Kf8 26. Nxf5 Bxc3 27. Bh6+ Ng7 28. Qd7 Bf6 29. Bxg7+ 1-0

[Event "SVK-ch Open 2018"]
[Site "Banska Stiavnica"]
[Date "2018.07.11"]
[Round "5"]
[White "Odler, Daniel"]
[Black "Brnusak, Tomas"]
[Result "0-1"]
[ECO "B49"]
[WhiteElo "2067"]
[BlackElo "1910"]
[Annotator "NA"]
[PlyCount "82"]
[EventDate "2018.07.07"]
[EventType "swiss"]
[EventCountry "SVK"]
[SourceTitle "playchess.com"]
[Source "ChessBase"]
[SourceQuality "1"]
[TimeControl "40/5400+30:1800+30"]

1. e4 c5 2. Nf3 e6 3. d4 cxd4 4. Nxd4 Nc6 5. Nc3 Qc7 6. Be3 a6 7. Be2 Nf6 8. O-O Bb4 9. Na4 Be7 10. Nxc6 bxc6 11. Nb6 Rb8 12. Nxc8 $11 Qxc8 13. e5 Nd5 14. Bd2 O-O 15. c4 Nb6 16. Bd3 Qe8 17. Qc2 h6 18. a4 c5 19. f4 f5 20. exf6 Bxf6 21. Be3 Qe7 22. Rae1 Nc8 23. b3 Na7 24. Qf2 d6 25. Bc2 Nc6 26. Qe2 Bd4 27. Qd3 Qf6 28. Qh7+ Kf7 29. Qe4 Bxe3+ 30. Rxe3 Nd4 31. Bd1 Kg8 32. g3 Qf5 33. Qxf5 Rxf5 34. Rfe1 Rf6 35. Kg2 Kf7 36. Bg4 Nc2 37. Bxe6+ Kf8 38. Bd7 Nxe1+ 39. Rxe1 Rf7 40. Be6 Rfb7 41. Bd5 Re7 0-1

[Event "SVK-ch Open 2018"]
[Site "Banska Stiavnica"]
[Date "2018.07.11"]
[Round "5"]
[White "Bojda, Lubomir"]
[Black "Slaby, Jozef"]
[Result "1-0"]
[ECO "A48"]
[WhiteElo "2064"]
[BlackElo "1731"]
[Annotator "NA"]
[PlyCount "113"]
[EventDate "2018.07.07"]
[EventType "swiss"]
[EventCountry "SVK"]
[SourceTitle "playchess.com"]
[Source "ChessBase"]
[SourceQuality "1"]
[TimeControl "40/5400+30:1800+30"]

1. d4 Nf6 2. Nf3 g6 3. Bf4 d6 4. h3 Nbd7 5. e3 Bg7 6. Bc4 O-O 7. O-O c6 8. Nbd2 b5 9. Bd3 Bb7 10. Rc1 a6 11. c4 Re8 12. Bg5 h6 13. Bh4 Rc8 14. Qb3 Qb6 15. Bxf6 Bxf6 16. Ne4 Bg7 17. c5 dxc5 18. Nxc5 Nxc5 19. dxc5 Qc7 20. Bxg6 e6 21. Bb1 Rcd8 22. Rfd1 Qe7 23. Qc2 f5 24. b4 Bc8 25. a3 Qf6 26. Nd4 Bb7 27. Ba2 Bc8 28. Nxc6 Rxd1+ 29. Rxd1 Qb2 30. Qb3 Qxb3 31. Bxb3 Kh7 32. f4 Bb2 33. a4 Kg6 34. axb5 axb5 35. Rd6 Bc3 36. Rd3 Bb2 37. Bd1 Kf6 38. Na5 e5 39. Bh5 Rg8 40. Rd6+ Kg7 41. Nc6 exf4 42. exf4 Bf6 43. g3 Rf8 44. Kf2 Kh8 45. Nd4 Kg7 46. Nxb5 Be7 47. Rd2 Be6 48. Nc7 Bc8 49. Ne8+ Kg8 50. Re2 Bd8 51. b5 Bd7 52. c6 Bb6+ 53. Kf3 Bxe8 54. Bxe8 Rf6 55. Bd7 Rd6 56. Bxf5 Kg7 57. c7 1-0

[Event "SVK-ch Open 2018"]
[Site "Banska Stiavnica"]
[Date "2018.07.11"]
[Round "5"]
[White "Bartek, Ladislav"]
[Black "Mrvova, Alena"]
[Result "0-1"]
[ECO "B98"]
[WhiteElo "2049"]
[BlackElo "2202"]
[Annotator "NA"]
[PlyCount "104"]
[EventDate "2018.07.07"]
[EventType "swiss"]
[EventCountry "SVK"]
[SourceTitle "playchess.com"]
[Source "ChessBase"]
[SourceQuality "1"]
[TimeControl "40/5400+30:1800+30"]

1. e4 c5 2. Nf3 d6 3. d4 cxd4 4. Nxd4 Nf6 5. Nc3 a6 6. Bg5 e6 7. f4 Be7 8. Qf3 h6 9. Bh4 Nfd7 10. Bxe7 Qxe7 11. O-O-O Nc6 12. Nxc6 bxc6 13. Bc4 (13. h4 $14) 13... O-O 14. Rhe1 Nb6 15. Bb3 $11 Rd8 16. f5 c5 17. fxe6 fxe6 18. Na4 Nxa4 19. Bxa4 Rb8 20. Bb3 a5 21. Qc3 Qc7 22. Re3 Kh8 23. Rh3 e5 24. Rh4 Rb4 25. Bd5 Qe7 26. Qg3 Be6 27. Rh5 Rdb8 28. b3 Bxd5 29. exd5 Qf6 30. Qh3 e4 31. c3 R4b7 32. Rf5 Qg6 33. Rdf1 Kh7 34. Rf8 Qg5+ 35. Kc2 Qxd5 36. Rxb8 Rxb8 37. Qf5+ Qxf5 38. Rxf5 Re8 39. Kd2 Kg6 40. g4 a4 41. Ke3 axb3 42. axb3 Rb8 43. Kxe4 Rxb3 44. Kd3 Rb2 45. h4 Rg2 46. h5+ Kh7 47. Rf4 d5 48. Ra4 Rg3+ 49. Kc2 d4 50. cxd4 Rxg4 51. Rc4 cxd4 52. Kd3 Rg5 0-1

[Event "SVK-ch Open 2018"]
[Site "Banska Stiavnica"]
[Date "2018.07.11"]
[Round "5"]
[White "Posa, Norbert"]
[Black "Molnar, Erno"]
[Result "0-1"]
[ECO "A45"]
[WhiteElo "2036"]
[BlackElo "2231"]
[Annotator "NA"]
[PlyCount "70"]
[EventDate "2018.07.07"]
[EventType "swiss"]
[EventCountry "SVK"]
[SourceTitle "playchess.com"]
[Source "ChessBase"]
[SourceQuality "1"]
[TimeControl "40/5400+30:1800+30"]

1. d4 Nf6 2. Bf4 g6 3. Nc3 d5 4. Qd2 c6 5. f3 b5 $11 {[%emt 0:03:47] LiveBook: 6 Games} 6. a3 Bg7 7. e4 dxe4 8. fxe4 O-O 9. Nf3 a5 10. Be2 Na6 11. e5 Nd5 12. Bh6 Nac7 13. Bxg7 Kxg7 14. O-O f5 15. Nxd5 Nxd5 16. c4 bxc4 17. Bxc4 Be6 18. Ng5 Bg8 19. Rac1 Qb6 20. Rf3 h6 21. Nh3 Rfd8 22. Rd3 a4 23. Kh1 Rab8 24. Rc2 Rd7 25. Ng1 Rdb7 26. Nf3 Qd8 27. h4 f4 28. Bxd5 Bxd5 29. Qxf4 Rxb2 30. Rxb2 Rxb2 31. h5 Qf8 32. Qxf8+ Kxf8 33. hxg6 Rb3 34. Ne1 Be4 35. Rh3 Rxh3+ 0-1

[Event "SVK-ch Open 2018"]
[Site "Banska Stiavnica"]
[Date "2018.07.11"]
[Round "5"]
[White "Toma, Rudolf"]
[Black "Kantorik, Marian"]
[Result "0-1"]
[ECO "D32"]
[WhiteElo "2018"]
[BlackElo "2260"]
[Annotator "NA"]
[PlyCount "118"]
[EventDate "2018.07.07"]
[EventType "swiss"]
[EventCountry "SVK"]
[SourceTitle "playchess.com"]
[Source "ChessBase"]
[SourceQuality "1"]
[TimeControl "40/5400+30:1800+30"]

1. d4 d5 2. c4 e6 3. Nc3 c5 4. cxd5 exd5 5. Nf3 Nc6 6. e3 Nf6 7. Be2 Be7 8. O-O O-O 9. b3 Ne4 10. Bb2 Bf6 11. Rc1 cxd4 12. Nxd4 Nxd4 13. exd4 Nxc3 14. Bxc3 Be6 15. Re1 Rc8 16. Bb4 Re8 $11 17. Bb5 Bd7 18. Rxe8+ Qxe8 19. Rxc8 Qxc8 20. Bxd7 Qxd7 21. g3 Qf5 22. Ba3 h5 23. Bb2 h4 24. g4 Qe4 25. h3 g6 26. a4 Bg5 27. Bc3 Bf4 28. Qe1 Qd3 29. Qe8+ Kg7 30. Bb4 Qb1+ 31. Kg2 Qe4+ 32. Qxe4 dxe4 33. Kf1 Kf6 34. f3 exf3 35. Kf2 Ke6 36. Kxf3 Bd6 37. Bxd6 Kxd6 38. Ke4 f6 39. a5 b6 40. axb6 axb6 41. d5 b5 42. b4 Kd7 43. Kf4 Ke7 44. g5 f5 45. Ke5 Ke8 46. d6 Kd7 47. Kd5 f4 48. Ke4 Kxd6 49. Kxf4 Kd5 50. Kg4 Kc4 51. Kxh4 Kxb4 52. Kg3 Kc5 53. h4 Kd6 54. h5 gxh5 55. Kh4 b4 56. Kxh5 Ke7 57. Kh6 b3 58. g6 b2 59. g7 Kf7 0-1

[Event "SVK-ch Open 2018"]
[Site "Banska Stiavnica"]
[Date "2018.07.11"]
[Round "5"]
[White "Milcova, Zuzana"]
[Black "Jamrich, Gyorgy"]
[Result "1-0"]
[ECO "B22"]
[WhiteElo "2002"]
[BlackElo "2200"]
[Annotator "NA"]
[PlyCount "111"]
[EventDate "2018.07.07"]
[EventType "swiss"]
[EventCountry "SVK"]
[SourceTitle "playchess.com"]
[Source "ChessBase"]
[SourceQuality "1"]
[TimeControl "40/5400+30:1800+30"]

1. e4 c5 2. c3 d6 3. Nf3 Nf6 4. h3 Nc6 5. Bd3 e5 6. Bc2 h6 7. d3 Be7 8. Qe2 Be6 9. Nbd2 Qc7 10. a4 $11 O-O-O 11. Nc4 g5 12. Bd2 Nd7 13. Ne3 Bf6 14. c4 Rdg8 15. Nd5 Qd8 16. g4 h5 17. gxh5 g4 18. hxg4 Bxg4 19. Bc3 Bg5 20. Bd1 Nd4 21. Bxd4 exd4 22. Qc2 Bxh5 23. Be2 Qa5+ 24. Nd2 Bxe2 25. Kxe2 Nb6 26. Nb3 Qa6 27. a5 Nxd5 28. cxd5 Qb5 29. Rxh8 Rxh8 30. Nxd4 Qa6 31. b4 b6 32. Nf5 Kd7 33. Ra2 Rc8 34. axb6 Qxb6 35. Qa4+ Kd8 36. b5 Rc7 37. Qa6 Bf4 38. Qxb6 axb6 39. Ra8+ Rc8 40. Rxc8+ Kxc8 41. Kf3 Be5 42. Nh6 f6 43. Kg4 Kd7 44. Kf5 Ke7 45. Kg6 Kf8 46. Ng4 Bd4 47. Nxf6 Bxf2 48. Nd7+ Ke7 49. Nxb6 Bh4 50. Kf5 Bg3 51. Nc4 Kd7 52. b6 Bh2 53. Na5 Bg3 54. b7 Kc7 55. Ke6 Bf4 56. Nc4 1-0

[Event "SVK-ch Open 2018"]
[Site "Banska Stiavnica"]
[Date "2018.07.11"]
[Round "5"]
[White "Gajdosik, Andrej"]
[Black "Urhegyi, Ferenc"]
[Result "1-0"]
[ECO "A40"]
[WhiteElo "1992"]
[BlackElo "1851"]
[Annotator "NA"]
[PlyCount "43"]
[EventDate "2018.07.07"]
[EventType "swiss"]
[EventCountry "SVK"]
[SourceTitle "playchess.com"]
[Source "ChessBase"]
[SourceQuality "1"]
[TimeControl "40/5400+30:1800+30"]

1. d4 e6 2. c4 b6 3. e4 Bb7 4. Bd3 f5 5. exf5 Bxg2 6. Qh5+ g6 7. fxg6 Bg7 8. gxh7+ Kf8 9. Bg5 Nf6 10. Qh4 Bxh1 11. Ne2 d5 12. Nf4 Kf7 13. Bg6+ Ke7 14. Nd2 Be4 15. Bxe4 dxe4 16. Ng6+ Ke8 17. Nxe4 Nbd7 18. Nxh8 Bxh8 19. O-O-O Qe7 20. Rg1 Qg7 21. Rg3 Qf7 22. Bxf6 1-0

[Event "SVK-ch Open 2018"]
[Site "Banska Stiavnica"]
[Date "2018.07.11"]
[Round "5"]
[White "Pesztericz, Laszlo"]
[Black "Bango, Lukas"]
[Result "1/2-1/2"]
[ECO "B26"]
[WhiteElo "1980"]
[BlackElo "2148"]
[Annotator "NA"]
[PlyCount "121"]
[EventDate "2018.07.07"]
[EventType "swiss"]
[EventCountry "SVK"]
[SourceTitle "playchess.com"]
[Source "ChessBase"]
[SourceQuality "1"]
[TimeControl "40/5400+30:1800+30"]

1. e4 c5 2. Nc3 Nc6 3. g3 g6 4. Bg2 Bg7 5. d3 d6 6. Be3 $11 {[%emt 0:00:10] LiveBook: 1948 Games} e6 7. Qd2 Rb8 8. Nge2 b5 9. O-O Nge7 10. f4 O-O 11. Rae1 Nd4 12. Nd1 f5 13. c3 Nxe2+ 14. Qxe2 Qc7 15. Nf2 Bd7 16. g4 b4 17. Bd2 Kh8 18. Kh1 Nc6 19. gxf5 exf5 20. Nh3 bxc3 21. Bxc3 Nd4 22. Qd2 Rbe8 23. Ng5 fxe4 24. dxe4 Bc6 25. Nf3 Qb6 26. Nxd4 cxd4 27. Bb4 Rf6 28. a3 Rfe6 29. f5 gxf5 30. exf5 Bh6 31. Qf2 Rxe1 32. Bxe1 Rg8 33. Bxc6 Qxc6+ 34. Qf3 Qxf3+ 35. Rxf3 Be3 36. Bg3 Kg7 37. Bxd6 Kf7 38. Bg3 Rd8 39. Be1 Bc1 40. Rd3 Bxb2 41. Rb3 Bc1 42. Rb7+ Kg8 43. Bb4 Bg5 44. Be7 Bxe7 45. Rxe7 d3 46. Re1 Kf7 47. Kg2 Kf6 48. Kf3 Kxf5 49. Rf1 Ke5 50. Ke3 d2 51. Rd1 Kf5 52. Kf3 Rd7 53. Ke2 Ke4 54. Rxd2 Rxd2+ 55. Kxd2 Kf3 56. a4 h5 57. a5 h4 58. a6 h3 59. Kd3 Kg2 60. Ke2 Kxh2 61. Kf2 1/2-1/2

[Event "SVK-ch Open 2018"]
[Site "Banska Stiavnica"]
[Date "2018.07.11"]
[Round "5"]
[White "Istok, Vojtech"]
[Black "Antal, Jakub"]
[Result "1-0"]
[ECO "B21"]
[WhiteElo "1971"]
[BlackElo "1787"]
[Annotator "NA"]
[PlyCount "63"]
[EventDate "2018.07.07"]
[EventType "swiss"]
[EventCountry "SVK"]
[SourceTitle "playchess.com"]
[Source "ChessBase"]
[SourceQuality "1"]
[TimeControl "40/5400+30:1800+30"]

1. e4 c5 2. d4 cxd4 3. c3 Nf6 4. e5 Nd5 5. Qxd4 e6 6. Bc4 Nc6 7. Qe4 f5 8. exf6 Nxf6 9. Qe2 d5 10. Bb3 Bd6 11. Bg5 O-O 12. Nf3 Qc7 13. Nbd2 Bd7 14. c4 Rae8 15. O-O h6 16. Bxf6 Rxf6 17. cxd5 exd5 18. Bxd5+ Kh8 19. Qc4 Rf4 20. Qb3 Ref8 21. Rac1 Qc8 22. Rfe1 Bh3 23. Be6 Bxe6 24. Qxe6 Qd8 25. Rc4 Rxc4 26. Nxc4 Rxf3 27. Nxd6 Rf6 28. Nf7+ Rxf7 29. Qxf7 Ne5 30. Qe6 Nd3 31. Rd1 Qd4 32. Qc8+ 1-0

[Event "SVK-ch Open 2018"]
[Site "Banska Stiavnica"]
[Date "2018.07.11"]
[Round "5"]
[White "Panko, Eduard"]
[Black "Tepper, Frantisek"]
[Result "1/2-1/2"]
[ECO "B02"]
[WhiteElo "1958"]
[BlackElo "2050"]
[Annotator "NA"]
[PlyCount "46"]
[EventDate "2018.07.07"]
[EventType "swiss"]
[EventCountry "SVK"]
[SourceTitle "playchess.com"]
[Source "ChessBase"]
[SourceQuality "1"]
[TimeControl "40/5400+30:1800+30"]

1. e4 Nf6 2. Nc3 d5 3. exd5 Nxd5 4. Nxd5 Qxd5 5. Qf3 c6 6. Qxd5 cxd5 7. d4 Nc6 8. c3 Bf5 9. Bf4 f6 10. Bb5 Rc8 11. Bg3 e6 $11 12. Ne2 a6 13. Ba4 Kd7 14. O-O Bd6 15. Bxd6 Kxd6 16. Ng3 Bg6 17. f4 Ne7 18. Rae1 h5 19. h4 Nf5 20. Nxf5+ Bxf5 21. Rf2 b5 22. Bc2 Bxc2 23. Rxc2 b4 1/2-1/2

[Event "SVK-ch Open 2018"]
[Site "Banska Stiavnica"]
[Date "2018.07.11"]
[Round "5"]
[White "Gzib, David"]
[Black "Kerdik, Adam"]
[Result "0-1"]
[ECO "B12"]
[WhiteElo "1939"]
[BlackElo "2091"]
[Annotator "NA"]
[PlyCount "114"]
[EventDate "2018.07.07"]
[EventType "swiss"]
[EventCountry "SVK"]
[SourceTitle "playchess.com"]
[Source "ChessBase"]
[SourceQuality "1"]
[TimeControl "40/5400+30:1800+30"]

1. e4 c6 2. d4 d5 3. e5 Bf5 4. h4 h5 5. Bd3 Bxd3 6. Qxd3 e6 7. Bg5 Qb6 8. Nd2 Qa6 9. c4 Bb4 10. b3 c5 11. dxc5 Nc6 12. Ngf3 Nge7 13. O-O Bxc5 14. a3 Ng6 15. Rfe1 Qb6 16. Be3 Ncxe5 17. Qc3 Bxe3 18. Rxe3 Ng4 19. c5 Qc7 20. Ree1 O-O 21. Nf1 Qe7 22. Ng3 Qf6 23. Qd3 Nf4 24. Qc2 g6 25. Ng5 Rfc8 26. b4 a5 27. Rab1 Ne5 28. Qc3 Nfd3 29. Rxe5 Nxe5 30. bxa5 Nd7 31. Qc2 Nxc5 32. Rb5 Ne4 33. N3xe4 Qa1+ 34. Rb1 Rxc2 35. Rxa1 dxe4 36. Rb1 Rc7 37. Rb5 Rd8 38. Nxe4 Kg7 39. g3 Rd5 40. Rb3 Rxa5 41. Nd6 Rc1+ 42. Kg2 Rd5 43. Nxb7 Rc2 44. a4 Rf5 45. Rf3 Rxf3 46. Kxf3 Rc7 47. Nd6 Ra7 48. Nc4 Rxa4 49. Ne3 Kf6 50. Ke2 Ke5 51. Kf3 Kd4 52. Nd1 Ra3+ 53. Ne3 e5 54. Ke2 Rxe3+ 55. fxe3+ Ke4 56. Kf2 Kf5 57. Kf3 e4+ 0-1

[Event "SVK-ch Open 2018"]
[Site "Banska Stiavnica"]
[Date "2018.07.11"]
[Round "5"]
[White "Slaba, Andrea"]
[Black "Gyerpal, Adrian"]
[Result "1/2-1/2"]
[ECO "E62"]
[WhiteElo "1936"]
[BlackElo "1990"]
[Annotator "NA"]
[PlyCount "80"]
[EventDate "2018.07.07"]
[EventType "swiss"]
[EventCountry "SVK"]
[SourceTitle "playchess.com"]
[Source "ChessBase"]
[SourceQuality "1"]
[TimeControl "40/5400+30:1800+30"]

1. Nf3 Nf6 2. g3 g6 3. Bg2 Bg7 4. O-O O-O 5. d4 d6 6. c4 Nc6 7. Nc3 Bf5 8. Nh4 Bd7 9. Nf3 a6 10. b3 Rb8 11. Bb2 b5 12. cxb5 axb5 13. d5 b4 14. dxc6 bxc3 15. Bxc3 Bxc6 16. Rc1 Bh6 17. e3 Bb5 18. Re1 c5 19. a4 Bc6 20. Bxf6 exf6 21. Nd2 Bxg2 22. Kxg2 Qc7 23. Qf3 f5 24. Qd5 Qb7 25. Qxb7 Rxb7 26. Red1 Rd8 27. Nc4 Rxb3 28. Rxd6 Rxd6 29. Nxd6 Bf8 30. Ne8 Rb7 31. Nf6+ Kg7 32. Nd5 Ra7 33. Rc4 Ra5 34. Kf3 Bd6 35. e4 fxe4+ 36. Kxe4 f5+ 37. Kd3 Kf7 38. Nc3 Ke6 39. f4 Be7 40. Nb5 Kd5 {[%emt 0:03:47] Ke4+} 1/2-1/2

[Event "SVK-ch Open 2018"]
[Site "Banska Stiavnica"]
[Date "2018.07.11"]
[Round "5"]
[White "Dylag, Emilia"]
[Black "Franzen, Jozef"]
[Result "0-1"]
[ECO "A45"]
[WhiteElo "1935"]
[BlackElo "2256"]
[Annotator "NA"]
[PlyCount "112"]
[EventDate "2018.07.07"]
[EventType "swiss"]
[EventCountry "SVK"]
[SourceTitle "playchess.com"]
[Source "ChessBase"]
[SourceQuality "1"]
[TimeControl "40/5400+30:1800+30"]

1. d4 Nf6 2. Bf4 g6 3. Nc3 d5 4. e3 Bf5 5. h4 h5 6. Nf3 c6 7. Bd3 e6 8. Qe2 Bg7 9. O-O-O O-O 10. Ne5 Nfd7 11. e4 dxe4 12. Bxe4 Bxe4 ({Günstiger ist} 12... Nxe5 $14 13. dxe5 Qc7) 13. Qxe4 $14 (13. Nxe4 $18 Qa5 14. Kb1) 13... Nf6 14. Qe2 Nd5 15. Nxd5 Qxd5 16. c4 Qa5 17. Kb1 c5 18. d5 exd5 19. Rxd5 Nc6 20. Nxc6 bxc6 21. Rd7 Rae8 22. Qc2 Re6 23. Rhd1 Bd4 24. Bd2 Qb6 25. Bc3 Rd8 26. Rxd8+ Qxd8 27. g3 Qf6 28. Bxd4 cxd4 29. c5 Re7 30. Qd3 Rd7 31. f4 Rd5 32. b4 Qe7 33. Kc2 a5 34. a3 Rd8 35. Qc4 Qe4+ 36. Qd3 Qe6 37. Kb2 axb4 38. axb4 Qd5 39. Rd2 Kg7 40. Qb3 Qe4 41. Qd3 Qe6 42. Re2 Qh3 43. Re4 Qg2+ 44. Re2 Qg1 45. Re4 Rd7 46. Kb3 Qf2 47. Kc4 Qa2+ 48. Qb3 Qa1 49. Re2 d3 50. Rb2 Kh7 51. b5 d2 52. bxc6 d1=Q 53. cxd7 Qxd7 54. Qb6 Qc1+ 55. Kb3 Qd5+ 56. Ka4 Qa1+ 0-1

[Event "SVK-ch Open 2018"]
[Site "Banska Stiavnica"]
[Date "2018.07.11"]
[Round "5"]
[White "Kucera, Michal"]
[Black "Sikora, Jan"]
[Result "0-1"]
[ECO "B94"]
[WhiteElo "1921"]
[BlackElo "2209"]
[Annotator "NA"]
[PlyCount "60"]
[EventDate "2018.07.07"]
[EventType "swiss"]
[EventCountry "SVK"]
[SourceTitle "playchess.com"]
[Source "ChessBase"]
[SourceQuality "1"]
[TimeControl "40/5400+30:1800+30"]

1. e4 c5 2. Nf3 d6 3. d4 cxd4 4. Nxd4 Nf6 5. Nc3 a6 6. Bg5 Nbd7 7. Qd2 e6 $11 {[%emt 0:07:02] LiveBook: 49 Partien} 8. O-O-O Be7 9. f4 Qc7 10. Bd3 h6 11. Bxf6 Bxf6 12. Be2 Be7 13. f5 Bg5 14. fxe6 Nf6 15. Qxg5 hxg5 16. Nf5 Bxe6 17. Nxd6+ Kf8 18. e5 Ne8 19. Nce4 Nxd6 20. exd6 Qa5 21. a3 Qe5 22. Bd3 f5 23. Ng3 Rd8 24. Nxf5 Qf4+ 25. Kb1 Bxf5 26. g3 Qg4 27. Rdf1 g6 28. Rf2 Rxd6 29. Be2 Qe4 30. Rhf1 Qxc2+ 0-1

[Event "SVK-ch Open 2018"]
[Site "Banska Stiavnica"]
[Date "2018.07.11"]
[Round "5"]
[White "Gresova, Zuzana"]
[Black "Volcko, Richard"]
[Result "0-1"]
[ECO "C45"]
[WhiteElo "1920"]
[BlackElo "2068"]
[Annotator "NA"]
[PlyCount "90"]
[EventDate "2018.07.07"]
[EventType "swiss"]
[EventCountry "SVK"]
[SourceTitle "playchess.com"]
[Source "ChessBase"]
[SourceQuality "1"]
[TimeControl "40/5400+30:1800+30"]

1. e4 e5 2. Nf3 Nc6 3. d4 exd4 4. Nxd4 Nf6 5. Nxc6 bxc6 6. e5 Qe7 7. Qe2 Nd5 8. c4 Nb6 9. Nc3 Ba6 10. Qe4 Qe6 11. b3 O-O-O 12. Bd3 Re8 13. f4 f6 14. O-O fxe5 15. fxe5 Qxe5 16. Qxe5 Rxe5 17. Bf4 Re8 18. Rad1 Bc5+ 19. Kh1 Bd4 20. Ne4 c5 21. Ng5 h6 22. Nf3 Rhf8 23. Bg3 Bc3 24. Kg1 Bb7 25. Rc1 Bf6 26. a4 Re3 27. Rcd1 d6 28. Bf2 Ree8 29. Bf5+ Kb8 30. Rd3 Nc8 31. Nh4 Ne7 32. Bg6 Nxg6 33. Nxg6 Rf7 34. Nf4 Be5 35. Nd5 Ref8 36. Rdd1 Bxd5 37. cxd5 Bxh2+ 38. Kxh2 Rxf2 39. Rxf2 Rxf2 40. Rd3 Rf4 41. Kg3 Rf5 42. Kg4 g6 43. Kh3 Kb7 44. g4 Re5 45. Kg3 Kb6 0-1

[Event "SVK-ch Open 2018"]
[Site "Banska Stiavnica"]
[Date "2018.07.11"]
[Round "5"]
[White "Pereszlenyi, Gejza"]
[Black "Pniaczek, Marek"]
[Result "0-1"]
[ECO "D02"]
[WhiteElo "1899"]
[BlackElo "2082"]
[Annotator "NA"]
[PlyCount "108"]
[EventDate "2018.07.07"]
[EventType "swiss"]
[EventCountry "SVK"]
[SourceTitle "playchess.com"]
[Source "ChessBase"]
[SourceQuality "1"]
[TimeControl "40/5400+30:1800+30"]

1. d4 d5 2. Nf3 Nf6 3. Bf4 c5 4. e3 Qb6 5. Nc3 Bd7 6. Rb1 e6 7. Be2 Bd6 8. Ne5 O-O 9. O-O Rc8 10. Re1 Be8 11. a3 $11 a6 12. Bg3 Nfd7 13. Na4 Qc7 14. Nxd7 Nxd7 15. Bxd6 Qxd6 16. Nxc5 Nxc5 17. dxc5 Qxc5 18. c3 b5 19. Qd4 a5 20. Ra1 Rab8 21. Rec1 b4 22. Qxc5 Rxc5 23. cxb4 Rxc1+ 24. Rxc1 axb4 25. axb4 Rxb4 26. Rc2 Kf8 27. f4 Ba4 28. Rd2 Ke7 29. Kf2 Bc6 30. g4 Kd6 31. Bd3 h6 32. h4 g5 33. hxg5 hxg5 34. Kg3 f6 35. fxg5 fxg5 36. Be2 e5 37. Bf3 Rb3 38. Kf2 Kc5 39. Rc2+ Kb6 40. Bd1 Rb4 41. b3 Bd7 42. Rd2 Kc5 43. Kg3 Bb5 44. Rc2+ Kd6 45. Rc8 Re4 46. Rg8 Rxe3+ 47. Kf2 Rd3 48. Ke1 Kc5 49. Rxg5 Kd4 50. Rg8 Rh3 51. Rb8 Ke3 52. Rg8 Kd4 53. Kf2 e4 54. g5 Ke5 0-1

[Event "SVK-ch Open 2018"]
[Site "Banska Stiavnica"]
[Date "2018.07.11"]
[Round "5"]
[White "Komlosi, Frantisek"]
[Black "Budinsky, Martin"]
[Result "0-1"]
[ECO "A46"]
[WhiteElo "1861"]
[BlackElo "1985"]
[Annotator "NA"]
[PlyCount "92"]
[EventDate "2018.07.07"]
[EventType "swiss"]
[EventCountry "SVK"]
[SourceTitle "playchess.com"]
[Source "ChessBase"]
[SourceQuality "1"]
[TimeControl "40/5400+30:1800+30"]

1. d4 Nf6 2. Nf3 e6 3. g3 b6 4. Bg2 Bb7 5. O-O Be7 6. c4 c5 7. e3 O-O 8. Nc3 a6 9. b3 Qc7 10. Bb2 d6 11. d5 exd5 12. cxd5 b5 13. Nh4 Re8 14. Nf5 Bf8 15. e4 Nbd7 16. Re1 g6 17. Nh4 Bg7 18. Qd2 Rac8 19. Rac1 Qb6 20. Nb1 a5 21. Na3 Ba6 22. h3 c4 23. Bd4 Nc5 24. bxc4 b4 25. Nb5 Bxb5 26. cxb5 Qxb5 27. Kh2 Qd3 28. Qxd3 Nxd3 29. Rxc8 Rxc8 30. Re2 Nc1 31. Rd2 a4 32. f4 b3 33. e5 Ne8 34. Be4 Nxa2 35. Bb2 Nc3 36. Bd3 dxe5 37. fxe5 Bh6 38. Rg2 Nxd5 39. Nf3 Bf8 40. Nd4 a3 41. Bxa3 Bxa3 42. e6 fxe6 43. Nxe6 b2 44. Rf2 Nef6 45. g4 Re8 46. Ng5 Re1 0-1

[Event "SVK-ch Open 2018"]
[Site "Banska Stiavnica"]
[Date "2018.07.11"]
[Round "5"]
[White "Bango, Dominik"]
[Black "Pericka, Tomas"]
[Result "1-0"]
[ECO "B35"]
[WhiteElo "1835"]
[BlackElo "1975"]
[Annotator "NA"]
[PlyCount "71"]
[EventDate "2018.07.07"]
[EventType "swiss"]
[EventCountry "SVK"]
[SourceTitle "playchess.com"]
[Source "ChessBase"]
[SourceQuality "1"]
[TimeControl "40/5400+30:1800+30"]

1. e4 c5 2. Nf3 Nc6 3. d4 cxd4 4. Nxd4 g6 5. Nc3 Bg7 6. Be3 Nf6 7. Bc4 Qa5 8. O-O O-O 9. Bb3 d6 10. f3 Bd7 11. Nd5 Nxd5 12. exd5 Ne5 13. c3 Rac8 14. Qe2 b5 15. Nc2 Bf5 16. Rfd1 Nc4 17. Nd4 Nxe3 18. Qxe3 b4 19. Nc6 Rxc6 20. dxc6 bxc3 21. bxc3 Bxc3 22. Rac1 Be5 23. g4 Bc8 24. f4 Bf6 25. g5 Bb2 26. Rc2 Ba3 27. Qxe7 Bc5+ 28. Kg2 Bg4 29. Rd5 Qb5 30. Rcxc5 dxc5 31. Rd8 Bh3+ 32. Kg3 Rxd8 33. Qxd8+ Kg7 34. Qf6+ Kg8 35. Qxf7+ Kh8 36. Qg8# 1-0

[Event "SVK-ch Open 2018"]
[Site "Banska Stiavnica"]
[Date "2018.07.11"]
[Round "5"]
[White "Kebis, Milos"]
[Black "Sandor, Martin"]
[Result "0-1"]
[ECO "A28"]
[WhiteElo "1828"]
[BlackElo "1968"]
[Annotator "NA"]
[PlyCount "82"]
[EventDate "2018.07.07"]
[EventType "swiss"]
[EventCountry "SVK"]
[SourceTitle "playchess.com"]
[Source "ChessBase"]
[SourceQuality "1"]
[TimeControl "40/5400+30:1800+30"]

1. c4 e5 2. Nc3 Nf6 3. Nf3 Nc6 4. d4 exd4 5. Nxd4 Bb4 6. e3 O-O 7. Be2 d5 8. O-O Re8 9. a3 Bxc3 10. bxc3 Ne5 11. cxd5 Nxd5 12. Bb2 Nb6 13. Qb3 Be6 14. Nxe6 Rxe6 15. c4 Qe7 16. a4 c5 17. Qc3 f6 18. a5 Nbd7 19. Rad1 Rd8 20. Rd5 Rd6 21. Rxd6 Qxd6 22. Rd1 Qc7 23. f4 Nc6 24. Bg4 Nf8 25. Rd5 Nb4 26. Rd2 Qxa5 27. h4 Rxd2 28. Qxd2 Qa2 29. Qc3 Qb1+ 30. Kh2 Nd3 31. Bf5 Qxb2 32. Qxd3 g6 33. Qd5+ Kg7 34. Be4 Qb6 35. Bf3 Qc7 36. h5 b6 37. Qa8 Qe7 38. e4 Ne6 39. Kg3 Qc7 40. Kh2 Qe7 41. g3 Nd4 0-1